 Dungeon Crawl Stone Soup version 0.27-b1-41-gafb5482f4b (webtiles) character file.

Game seed: 15299128816918704954

512 seveneves the Slasher (level 6, -1/56 HPs)
             Began as a Minotaur Fighter on July 28, 2021.
             Was a Follower of Cheibriados.
             Slain by a gnoll (3 damage)
             ... on level 4 of the Dungeon.
             The game lasted 00:10:13 (2405 turns).

seveneves the Slasher (Minotaur Fighter)            Turns: 2405, Time: 00:10:15

Health: -1/56      AC:  7    Str: 24    XL:     6   Next: 99%
Magic:  14/14      EV: 10    Int:  7    God:    Cheibriados [*.....]
Gold:   189        SH:  0    Dex: 12    Spells: 5/5 levels left

rFire    + . .     SeeInvis .   f - +4 great sword (vorpal)
rCold    . . .     Faith    .   (shield currently unavailable)
rNeg     . . .     Spirit   .   b - +0 scale mail
rPois    .         Reflect  .   (helmet restricted)
rElec    .         Harm     .   (no cloak)
rCorr    .         Rampage  .   (no gloves)
Will     .....                  (no boots)
Stlth    ..........             (no amulet)
HPRegen  0.18/turn              e - ring of magical power
MPRegen  0.14/turn              h - ring of protection from fire

@: very slow
A: horns 2, retaliatory headbutt
a: Renounce Religion, Bend Time


You were on level 4 of the Dungeon.
You worshipped Cheibriados.
Cheibriados was aware of your devotion.
You visited 1 branch of the dungeon, and saw 4 of its levels.

You collected 189 gold pieces.

Inventory:

Hand Weapons
 a - a +0 long sword
 f - a +4 vorpal great sword (weapon)
 m - a +1 dagger of holy wrath
Armour
 b - a +0 scale mail (worn)
 c - a +0 kite shield
Jewellery
 e - a ring of magical power (left hand)
 g - a +4 ring of protection
 h - a ring of protection from fire (right hand)
Scrolls
 k - a scroll of identify {unknown}
 l - a scroll of noise {unknown}
Potions
 d - 2 potions of might
 i - a potion of degeneration {unknown}
 n - a potion of curing {unknown}


   Skills:
 + Level 5.3 Fighting
 + Level 0.3(3.5) Short Blades
 + Level 6.4 Long Blades
 + Level 5.2 Armour
 + Level 1.0 Dodging
 + Level 0.3 Stealth
 + Level 4.5 Shields
 + Level 0.1 Invocations


You had 5 spell levels left.
You didn't know any spells.
Your spell library contained the following spells:

 Spells                   Type           Power      Damage    Failure   Level
 Corpse Rot               Necr/Air       N/A        N/A       85%         2
 Dispel Undead            Necr           0%         3d6       100%        4
 Death Channel            Necr           0%         N/A       100%        6


Dungeon Overview and Level Annotations

Branches:
Dungeon (4/15)
 Temple: D:4-7

Altars:
Cheibriados
Gozag
Zin

Shops:
D:1 (   D:2 (


Innate Abilities, Weirdness & Mutations

You have a pair of horns on your head.
You reflexively headbutt those who attack you in melee.


Message History

A gnoll shaman comes into view. It is wielding a +0 club.
The gnoll unwields a +0 spear.
The gnoll drops a +0 spear.
The gnoll picks up a mace.
The gnoll wields a mace.
Found a +0 spear. 2 gnolls come into view.
A gnoll is wielding a +1 vorpal halberd.
The gnoll shaman shouts!
The gnoll shouts! x2
Found 9 gold pieces.
The gnoll shaman calls upon its god to speed up the gnoll.
The gnoll seems to speed up.
The gnoll completely misses you. The gnoll barely misses you.
You furiously retaliate!
You headbutt the gnoll!
You riposte.
You slash the gnoll!
You kill the gnoll!
Cheibriados thoroughly appreciates the change of pace.
The gnoll hits you but does no damage.
The gnoll shaman hits you with a +0 club.
The gnoll hits you but does no damage.
The gnoll hits you from afar with a +1 vorpal halberd.
You slice the gnoll shaman!!
You kill the gnoll shaman!
Cheibriados appreciates the change of pace.
The gnoll hits you with a +0 spear.
The gnoll hits you from afar with a +1 vorpal halberd!
The gnoll hits you with a +0 spear.
Your Dodging skill increases to level 1!
The gnoll hits you with a +1 vorpal halberd!
* * * LOW HITPOINT WARNING * * *
x2 The gnoll hits you but does no damage.
The gnoll hits you with a +1 vorpal halberd.
* * * LOW HITPOINT WARNING * * *
x2
Things that are here:
a +0 club; a +0 robe; a gnoll corpse You barely miss the gnoll.
The gnoll closely misses you. You furiously retaliate!
You headbutt the gnoll!
You riposte.
You barely miss the gnoll.
You headbutt the gnoll, but do no damage.
The gnoll is severely wounded.
The gnoll hits you with a +1 vorpal halberd!
* * * LOW HITPOINT WARNING * * *
You die...

##.##### ##. #...# #..
#...# #.# #...# ###.#
#.### ##.#.# #.#.##
####....#########....###
+....).)................
#.$.g@....#####....###
#.#.#g###.# #.#.## # #.#
#.# #.### #.# #.# #.#
#+# #.# #.# #.# #.# #.#
#.# #.# ####.####### #.#
#.# #.# ............ ...
..# .##...#####


You could see 2 gnolls.

Vanquished Creatures
  An ogre (D:4)
  A phantom (D:4)
  A jelly (D:4)
  A hound (D:4)
  A gnoll shaman (D:4)
  2 orc wizards (D:3)
  An iguana (D:4)
  A hound skeleton (D:4)
  A mummy (D:3)
  A howler monkey zombie (D:4)
  A gnoll (D:4)
  6 adders
  3 worms
  2 dart slugs
  2 orcs (D:3)
  4 endoplasms
  2 giant cockroaches
  9 goblins
  8 hobgoblins
  12 jackals
  4 kobolds
  2 quokkas
  6 ball pythons
  6 bats
  2 frilled lizards (D:3)
  3 rats (D:1)
83 creatures vanquished.

Notes
Turn   | Place    | Note
-------+----------+-------------------------------------------
     0 | D:1      | seveneves the Minotaur Fighter began the quest for the Orb.
     0 | D:1      | Reached XP level 1. HP: 19/19 MP: 0/0
   183 | D:1      | Found Owiusoti's Antique Weapon Emporium.
   326 | D:1      | Reached XP level 2. HP: 24/27 MP: 1/1
   560 | D:2      | Found Sofrih's Antique Weapon Shoppe.
   578 | D:2      | Reached skill level 3 in Long Blades
   578 | D:2      | Reached XP level 3. HP: 33/33 MP: 2/2
   792 | D:2      | Found a faded altar of an unknown god.
   870 | D:2      | Reached XP level 4. HP: 36/40 MP: 3/3
  1169 | D:3      | Identified a scroll of acquirement
  1169 | D:3      | Acquired a +4 vorpal great sword
  1219 | D:3      | Reached skill level 4 in Long Blades
  1230 | D:3      | Reached XP level 5. HP: 14/47 MP: 4/4
  1343 | D:3      | Found a snail-covered altar of Cheibriados.
  1351 | D:3      | Became a worshipper of Cheibriados the Contemplative
  1794 | D:3      | Reached skill level 5 in Fighting
  1867 | D:4      | Noticed an ogre
  1870 | D:4      | Killed an ogre
  1871 | D:4      | Reached skill level 5 in Long Blades
  2111 | D:4      | Reached XP level 6. HP: 49/56 MP: 5/5
  2243 | D:4      | Found a glowing silver altar of Zin.
  2243 | D:4      | Noticed an angel
  2316 | D:4      | Reached skill level 6 in Long Blades
  2322 | D:4      | Reached * piety under Cheibriados
  2323 | D:4      | Reached skill level 5 in Armour
  2334 | D:4      | Found an opulent altar of Gozag.
  2404 | D:4      | Reached skill level 1 in Dodging
  2405 | D:4      | HP: 2/56 [gnoll (9)]
  2405 | D:4      | Slain by a gnoll

Illustrated notes

Levels and vault maps discovered:
D:1:      lightli_arrival_statue_moat, layout_basic, serial_shops,
          nicolae_shop_stone, grunt_decor_one_mirror, roderic_roman_lattice
D:2:      layout_loops_ring, serial_shops, shop,
          shapermc_ecumenical_altar_totnotflames
D:3:      layout_loops_ring, slow_altar_2
D:4:      layout_loops_corners, mainiacjoe_overflow_six_doors_small, zin_angel,
          gup_sewer_entry_bowl

Skill      XL: |  1  2  3  4  5  6 |
---------------+-------------------+-----
Fighting       | 4 5 |  5.3
Shields        | 4 |  4.5
Long Blades    | 3 4 5 6 |  6.4
Armour         | 4 5 |  5.2
Dodging        | 1 |  1.0
Short Blades   | |  0.3
Stealth        | |  0.3
Invocations    | |  0.1

Action                   |  1- 3 |  4- 6 || total
-------------------------+-------+-------++-------
Melee: Long sword        |    61 |       ||    61
       Headbutt          |     7 |    15 ||    22
       Dagger            |    25 |    20 ||    45
       Great sword       |       |    75 ||    75
Invok: Bend Time         |       |     1 ||     1
  Use: Potion            |     2 |     2 ||     4
       Scroll            |       |     2 ||     2
Armor: Scale mail        |    67 |    53 ||   120
Dodge: Dodged            |    44 |    40 ||    84
Block: Kite shield       |    64 |    12 ||    76
       Rpst.: Long sword |     7 |       ||     7
       Great sword       |       |    14 ||    14
